 Dungeon Crawl Stone Soup version 0.19.0-19-g8c6edcc (webtiles) character file.

21 Monsterracer the Poker (level 2, 10/22 HPs)
             Began as a Merfolk Skald on Nov 12, 2016.
             Quit the game on level 1 of the Dungeon.
             The game lasted 00:03:14 (737 turns).

Monsterracer the Poker (Merfolk Skald)               Turns: 737, Time: 00:03:15

Health: 10/22      AC:  3    Str: 12    XL:     2   Next: 83%
Magic:  5/5        EV: 11    Int: 11    God:
Gold:   25         SH:  0    Dex: 13    Spells: 3 memorised, 0 levels left

rFire  . . .     SeeInvis .     g - -3 dagger (curse)
rCold  + . .     Gourm    .     b - +0 leather armour
rNeg   . . .     Faith    .     (no shield)
rPois  .         Spirit   .     (no helmet)
rElec  .         Reflect  .     (no cloak)
rCorr  .         Harm     .     (no gloves)
MR     .....                    (no boots)
Stlth  +.........               (no amulet)
                                (no ring)
                                (no ring)

@: no status effects
A: change form in water, swift swim, stealthy swim, cold resistance 1
a: no special abilities


You were on level 1 of the Dungeon.
You were not hungry.

You visited 1 branch of the dungeon, and saw 1 of its levels.

You collected 25 gold pieces.

Inventory:

Hand Weapons
 a - a +0 spear
 g - a cursed -3 dagger (weapon)
Armour
 b - a +0 leather armour (worn)
Books
 c - a book of Battle

   Spells                             Type                      Level
   a - Infusion                       Charms                       1
   b - Shroud of Golubria             Charms/Translocation         2
   c - Song of Slaying                Charms                       2
   d - Spectral Weapon                Hexes/Charms                 3
   e - Regeneration                   Charms/Necromancy            3
Comestibles
 d - a bread ration
 f - a meat ration


   Skills:
 - Level 2.1 Fighting
 * Level 4.1 Polearms
 - Level 0.6 Armour
 - Level 1.3 Dodging
 - Level 2.0 Spellcasting
 + Level 3.7 Charms


You couldn't memorise any spells.
You knew the following spells:

 Your Spells              Type           Power        Failure   Level  Hunger
a - Infusion              Chrm           #...         10%         1    ##.....
b - Song of Slaying       Chrm           #.......     14%         2    ###....
c - Shroud of Golubria    Chrm/Tloc      #.........   30%         2    ###....


Dungeon Overview and Level Annotations

Branches:
Dungeon (1/15)

Altars:


Innate Abilities, Weirdness & Mutations

You revert to your normal form in water.
You are very nimble and swift while swimming.
You are very stealthy in the water. (Stealth+)
Your flesh is cold resistant. (rC+)


Message History

You kill the jackal!
The jackal barely misses you.
The jackal bites you but does no damage. x2
You hit the jackal.
The jackal is heavily wounded.
The jackal barely misses you. The jackal closely misses you.
The jackal barely misses you.
A jackal comes into view.
You barely miss the jackal.
The jackal is heavily wounded.
The jackal completely misses you. The jackal barely misses you.
A jackal comes into view.
The jackal barks!
You hit the jackal but do no damage.
The jackal is heavily wounded.
The jackal bites you but does no damage.
The jackal moves out of view.
The jackal bites you but does no damage.
The jackal bites you. The jackal closely misses you.
Are you sure you want to abandon this character and quit the game? (Confirm with "yes".)

####....###.#.#..###...##
#.......# #...#..###...##
#.###'### ###.#..#.[.....
#.....#########..#.......
#.####†.........#(.#.......
............................
.#.####.....#### #..#######.
#####.# #. #@# #.
.......hh...... ####.
#####......#... #....
####h###.# #.... .# #.#
#.... h###.# ####.
.....#+##+### #.
..#.........# #. #.........#
#.


You could see 4 jackals.

Vanquished Creatures
  2 dart slugs (D:1)
  A leopard gecko (D:1)
  A bat (D:1)
  A giant cockroach (D:1)
  2 goblins (D:1)
  2 hobgoblins (D:1)
  A jackal (D:1)
  A kobold (D:1)
  4 rats (D:1)
15 creatures vanquished.

Notes
Turn   | Place    | Note
-------+----------+-------------------------------------------
     0 | D:1      | Monsterracer the Merfolk Skald began the quest for the Orb.
     0 | D:1      | Reached XP level 1. HP: 16/16 MP: 3/3
    56 | D:1      | Gained mutation: Your flesh is cold resistant. (rC+) [potion of beneficial mutation]
   110 | D:1      | Reached XP level 2. HP: 9/22 MP: 1/5
   288 | D:1      | Learned a level 2 spell: Song of Slaying
   291 | D:1      | Learned a level 2 spell: Shroud of Golubria
   439 | D:1      | Reached skill level 4 in Polearms
   737 | D:1      | Quit the game

Skill      XL: |  1  2 |
---------------+-------+-----
Polearms       | 4 |  4.1
Fighting       | |  2.1
Armour         | |  0.6
Dodging        | |  1.3
Spellcasting   | |  2.0
Charms         | |  3.7

Action                   || total
-------------------------++-------
Melee: Spear             ||    63
       Dagger            ||    21
 Cast: Infusion          ||     1
       Shroud of Golubri ||     1
       Song of Slaying   ||     1
  Use: Potion            ||     2
       Scroll            ||     1
Armor: Leather armour    ||    21
Dodge: Dodged            ||    61
